 Dungeon Crawl Stone Soup version 0.29.1-2-gbd0b4ee654 (webtiles) character file.

Game seed: 17483768539670722837

77 BearBoy19 the Insei (level 4, -3/40 HPs)
             Began as a Minotaur Monk on Nov 29, 2022.
             Was a Priest of Vehumet.
             Slain by an orc
             ... wielding a +0 flail
              (8 damage)
             ... on level 3 of the Dungeon.
             The game lasted 00:14:34 (1584 turns).

BearBoy19 the Insei (Minotaur Monk)                 Turns: 1584, Time: 00:14:35

Health: -3/40      AC:  3    Str: 15    XL:     4   Next: 13%
Magic:  3/3        EV: 13    Int:  7    God:    Vehumet [***...]
Gold:   25         SH:  0    Dex: 15    Spells: 3/3 levels left

rFire   . . .      SeeInvis .     - Unarmed
rCold   . . .      Faith    .   (no shield)
rNeg    . . .      Spirit   .   h - +0 leather armour
rPois   .          Reflect  .   (helmet restricted)
rElec   .          Harm     +   k - scarf {harm}
rCorr   .          Rampage  .   (no gloves)
Will    .....                   (no boots)
Stlth   ++........              (no amulet)
HPRegen 0.13/turn               (no ring)
MPRegen 0.08/turn               (no ring)

@: no status effects
A: horns 2, retaliatory headbutt
a: Renounce Religion


You were on level 3 of the Dungeon.
You worshipped Vehumet.
Vehumet was most pleased with you.
You visited 1 branch of the dungeon, and saw 3 of its levels.

You collected 25 gold pieces.

Inventory:

Missiles
 d - 4 stones (quivered)
Armour
 a - a +0 robe
 g - a +0 tower shield
 h - a +0 leather armour (worn)
 k - a scarf of harm (worn)
Scrolls
 e - 3 scrolls of magic mapping
 j - a scroll of enchant weapon {unknown}
Potions
 b - a potion of ambrosia
 c - 2 potions of degeneration {unknown}
 f - a potion of flight {unknown}
 i - a potion of attraction {unknown}


   Skills:
 + Level 4.0 Fighting
 + Level 0.9 Armour
 + Level 4.1 Dodging
 + Level 1.8 Stealth
 + Level 4.3 Unarmed Combat


You had 3 spell levels left.
You didn't know any spells.
Your spell library was empty.

Dungeon Overview and Level Annotations

Branches:
Dungeon (3/15)

Altars:
Vehumet


Innate Abilities, Weirdness & Mutations

You have a pair of horns on your head.
You reflexively headbutt those who attack you in melee.


Message History

You finish putting on your scarf of harm.
An adder comes into view.
An orc wizard comes into view. It is wielding a +1 dagger of speed.
The orc wizard mumbles some strange words.
The orc wizard flickers and vanishes!
Deactivating autopickup; reactivate with Ctrl-A.
An orc comes into view. It is wielding a +0 flail.
The adder hisses angrily.
You hit the adder.
The adder is moderately wounded.
The orc shouts!
The adder bites you but does no damage. The adder completely misses you.
You furiously retaliate!
You headbutt the adder. You closely miss the adder.
Your headbutt misses the adder.
The adder is severely wounded.
The adder barely misses you.
You miss the adder. You headbutt the adder.
You kill the adder!
Vehumet accepts your kill.
You have reached level 4!
You feel agile.
You miss something. Your headbutt misses something.
Something barely misses you.
You hit something.
You hear some strange, mumbled words.
A puff of flame appears from out of thin air!
The puff of flame hits you.
You miss something.
You hear some strange, mumbled words.
Something tries to affect you, but you resist.
The orc hits you with a +0 flail!
You hit something. Something hits you. The orc hits you with a +0 flail.
You closely miss something. Something barely misses you.
The orc hits you with a +0 flail.
You hear some strange, mumbled words.
A puff of flame appears from out of thin air!
The puff of flame hits you!
* * * LOW HITPOINT WARNING * * *
The orc hits you with a +0 flail!
You die...

##.###..#.
#...##
#..###....
...#
#.##.....##
.#
#.#..##...
#.#......
#...# #.
####..##....
#...{.......
#..@o.#....#
#....##....#
#....# ...#
#....# ...#
.....# ..#
#....##
#....#
...###


You could see an orc.

Vanquished Creatures
  2 adders (D:3)
  2 dart slugs (D:2)
  5 orcs (D:3)
  2 ball pythons
  4 endoplasms
  3 giant cockroaches
  4 goblins
  2 hobgoblins (D:3)
  4 jackals (D:2)
  4 kobolds
  2 quokkas (D:1)
  4 bats
  A frilled lizard (D:1)
  5 rats
44 creatures vanquished.

Vanquished Creatures (others)
  11 plants (D:2)
11 creatures vanquished.

Grand Total: 55 creatures vanquished

Notes
Turn   | Place    | Note
-------+----------+-------------------------------------------
     0 | D:1      | BearBoy19 the Minotaur Monk began the quest for the Orb.
     0 | D:1      | Reached XP level 1. HP: 19/19 MP: 0/0
     0 | D:1      | Noticed a merfolk
     1 | D:1      | Noticed a naga
     1 | D:1      | Noticed a vampire
     7 | D:1      | Noticed a dwarf
     9 | D:1      | Noticed a vine stalker
     9 | D:1      | Noticed a human
    14 | D:1      | Noticed a vine stalker
    15 | D:1      | Noticed a dwarf
    16 | D:1      | Noticed a human
    18 | D:1      | Noticed a gargoyle
    18 | D:1      | Noticed a gargoyle
    21 | D:1      | Noticed a dwarf
    21 | D:1      | Noticed a barachi
    24 | D:1      | Noticed a tengu
    26 | D:1      | Noticed a gargoyle
    26 | D:1      | Noticed an ogre
    26 | D:1      | Noticed a human
    28 | D:1      | Noticed a vine stalker
   366 | D:1      | Reached XP level 2. HP: 27/27 MP: 1/1
   409 | D:1      | Noticed a great orb of eyes
   411 | D:1      | Found a faded altar of an unknown god.
   414 | D:1      | Noticed a great orb of eyes
   415 | D:1      | Noticed an eye of devastation
   415 | D:1      | Noticed a golden eye
   426 | D:1      | Prayed at the altar of an unknown god.
   426 | D:1      | Became a worshipper of Vehumet
   426 | D:1      | Reached * piety under Vehumet
   426 | D:1      | Offered knowledge of Sandblast by Vehumet.
   426 | D:1      | Reached ** piety under Vehumet
   640 | D:2      | Offered knowledge of Poisonous Vapours by Vehumet.
   645 | D:2      | Reached *** piety under Vehumet
   852 | D:2      | Offered knowledge of Ignite Poison by Vehumet.
   898 | D:2      | Reached XP level 3. HP: 32/33 MP: 2/2
  1537 | D:3      | Offered knowledge of Frozen Ramparts by Vehumet.
  1578 | D:3      | Reached XP level 4. HP: 38/40 MP: 3/3
  1584 | D:3      | Slain by an orc

Illustrated notes

Levels and vault maps discovered:
D:1:      shiori_arrival_whats_in_store_for_you, layout_rooms,
          hellmonk_ecumenical_altar_watching_god,
          nicolae_concentric_dashed_squares_mild
D:2:      layout_loops_corners, serial_forest, infiniplex_forest_straight_4,
          infiniplex_forest_clump_small, infiniplex_forest_lined_corner,
          infiniplex_forest_lined_3, infiniplex_forest_lined_4_way,
          infiniplex_forest_end_3, infiniplex_forest_zigzag_1,
          serial_bayou_lagoon_a
D:3:      layout_rooms

Skill      XL: |  1  2  3 |
---------------+----------+-----
Fighting       | 4 |  4.0
Dodging        | 4 |  4.1
Unarmed Combat | 4 |  4.3
Armour         | |  0.9
Stealth        | |  1.8

Action                   |  1- 3 |  4- 6 || total
-------------------------+-------+-------++-------
Melee: Unarmed           |   121 |     5 ||   126
       Headbutt          |    16 |       ||    16
       Punch             |     2 |       ||     2
Throw: Stone             |     1 |       ||     1
  Use: Scroll            |     1 |       ||     1
 Stab: Sleeping          |     2 |       ||     2
Armor: Robe              |     4 |       ||     4
       Leather armour    |    25 |       ||    25
Dodge: Dodged            |   103 |     2 ||   105
